 Dungeon Crawl Stone Soup version 0.30-a0-1160-g6e42c06551 (webtiles) character file.

Game seed: 1444519356586209093

551 IdlyInterested the Trooper (level 7, 0/58 HPs)
             Began as a Demonspawn Gladiator on Apr 26, 2023.
             Slain by an ice beast (9 damage)
             ... on level 5 of the Dungeon.
             The game lasted 00:11:51 (4429 turns).

IdlyInterested the Trooper (Demonspawn Gladiator)   Turns: 4429, Time: 00:11:52

Health: 0/58       AC:  9    Str: 14    XL:     7   Next: 7%
Magic:  7/7        EV:  8    Int: 12    God:
Gold:   241        SH:  0    Dex: 14    Spells: 6/6 levels left

rFire   . . .        a - +0 rapier
rCold   . . .        (no shield)
rNeg    . . .        C - +0 chain mail
rPois   +            c - +0 helmet
rElec   .            (no cloak)
rCorr   .            (no gloves)
SInv    +            (no boots)
Will    .....        H - amulet of Seddausky {Acrobat rPois} Stlth
                     t - ring of see invisible
HPRegen 0.29/turn    (no ring)
MPRegen 0.10/turn

%: acrobat
@: no status effects
A: hooves 2, ignite blood 1
a: no special abilities


You were on level 5 of the Dungeon.
You visited 1 branch of the dungeon, and saw 5 of its levels.

You collected 353 gold pieces.
You spent 112 gold pieces at shops.

Inventory:

Hand Weapons
 a - a +0 rapier (weapon)
 w - a +0 falchion
 E - a +0 glaive
Missiles
 d - 3 throwing nets
 e - a javelin
 g - 22 poisoned darts (quivered)
 i - 35 stones
 n - 6 boomerangs
Armour
 b - a +0 leather armour
 c - a +0 helmet (worn)
 j - a +0 scale mail
 p - a +0 pair of boots
 v - a +0 ring mail of poison resistance
 B - a +0 plate armour
 C - a +0 chain mail (worn)
 D - a +0 crystal plate armour
Jewellery
 t - a ring of see invisible (left hand)
 H - the amulet of Seddausky (around neck) {Acrobat rPois}
   (You found it on level 5 of the Dungeon)

   [amulet of the acrobat]

   It increases your evasion while moving and waiting.
   rPois:     It protects you from poison.
Wands
 A - a wand of mindburst (19)
Scrolls
 f - a scroll of poison {unknown}
 h - 2 scrolls of immolation {unknown}
 l - 2 scrolls of vulnerability {unknown}
 m - 2 scrolls of amnesia {unknown}
 o - 4 scrolls of identify {unknown}
 r - 2 scrolls of fear {unknown}
 y - 2 scrolls of enchant weapon {unknown}
 z - 2 scrolls of noise {unknown}
 F - a scroll of magic mapping {unknown}
 G - a scroll of brand weapon {unknown}
Potions
 k - a potion of invisibility {unknown}
 q - 4 potions of curing
 s - 2 potions of attraction {unknown}
 u - 4 potions of flight {unknown}
 x - a potion of ambrosia {unknown}
 I - 2 potions of mutation {unknown}


   Skills:
 * Level 6.3 Fighting
 - Level 2.6 Short Blades
 - Level 2.0 Throwing
 + Level 1.8 Armour
 - Level 4.0 Dodging
 - Level 1.0 Stealth
 - Level 1.0 Evocations


You had 6 spell levels left.
You didn't know any spells.
Your spell library contained the following spells:

 Spells                   Type           Power      Damage    Failure   Level
 Magic Dart               Conj           0%         1d3       99%         1
 Call Imp                 Summ           0%         N/A       100%        2
 Mephitic Cloud           Conj/Pois/Air  0%         N/A       100%        3


Dungeon Overview and Level Annotations

Branches:
Dungeon (5/15)
 Temple: D:4-7

Altars:
Gozag

Shops:
D:2 [


Innate Abilities, Weirdness & Mutations

You have hoof-like feet.
Your demonic aura sometimes causes spilled blood to erupt in flames.


Message History

The ice beast hits you but does no damage.
You hit the ice beast.
The ice beast is severely wounded.
The ice beast hits you. The ice beast freezes you!
You closely miss the ice beast.
The ice beast is severely wounded.
The ice beast hits you but does no damage.
You hit the ice beast but do no damage.
The ice beast is severely wounded.
The ice beast closely misses you.
You barely miss the ice beast.
The ice beast is severely wounded.
The ice beast hits you but does no damage.
You hit the ice beast but do no damage.
You kick the ice beast, but do no damage.
Your punch misses the ice beast.
The ice beast is severely wounded.
The ice beast hits you but does no damage.
You closely miss the ice beast. Your kick misses the ice beast.
Your punch misses the ice beast.
The ice beast is severely wounded.
The ice beast hits you. The ice beast freezes you!
* * * LOW HITPOINT WARNING * * *
You closely miss the ice beast.
You kick the ice beast, but do no damage.
The ice beast is severely wounded.
The ice beast barely misses you.
You completely miss the ice beast.
The ice beast is severely wounded.
The ice beast hits you but does no damage.
You barely miss the ice beast.
You kick the ice beast, but do no damage.
The ice beast is severely wounded.
The ice beast hits you but does no damage. x2
You closely miss the ice beast. You kick the ice beast.
The ice beast is severely wounded.
The ice beast hits you.
* * * LOW HITPOINT WARNING * * *
The ice beast freezes you!
You die...

........##.#.#.#.#.#
##.####.# #.#.#...#
........##+#.#.##..###.#
.............#.#.......#
.............#.#...#####
.........................
.............#.#.#######.
.............#.#.#
##+#.........#.#@#
.............#...Y..#
.............###.#.##
.................#.#
.............##### #
.............#
.......#####.# .......
#.# ....... ###.#####.#


You could see an ice beast.

Vanquished Creatures
  A water moccasin (D:4)
  A phantom (D:4)
  A scorpion (D:5)
  A jelly (D:5)
  2 hounds (D:4)
  An iguana (D:5)
  2 orc wizards
  4 adders
  A gnoll (D:1)
  An ufetubus (D:5)
  2 worms (D:2)
  A dart slug (D:4)
  4 orcs
  4 ball pythons
  3 bats
  6 endoplasms
  4 giant cockroaches
  8 hobgoblins
  7 jackals
  4 quokkas
  2 frilled lizards (D:2)
  11 goblins
  9 kobolds
  16 rats
96 creatures vanquished.

Notes
Turn   | Place    | Note
-------+----------+-------------------------------------------
     0 | D:1      | IdlyInterested the Demonspawn Gladiator began the quest for
                  | the Orb.
     0 | D:1      | Reached XP level 1. HP: 16/16 MP: 1/1
   134 | D:1      | Reached skill level 1 in Stealth
   134 | D:1      | Gained mutation: You have large cloven feet. [demonic
                  | ancestry]
   134 | D:1      | Reached XP level 2. HP: 21/22 MP: 2/2
   584 | D:1      | Reached XP level 3. HP: 28/28 MP: 3/3
   822 | D:1      | Found a faded altar of an unknown god.
  1163 | D:2      | Reached skill level 1 in Armour
  1304 | D:2      | Reached skill level 3 in Fighting
  1427 | D:2      | Found Ligoet's Armour Boutique.
  1611 | D:2      | Gained mutation: You have hoof-like feet. [demonic
                  | ancestry]
  1611 | D:2      | Reached XP level 4. HP: 29/35 MP: 4/4
  2117 | D:2      | Bought a +0 ring mail of poison resistance for 112 gold
                  | pieces
  2412 | D:3      | Reached skill level 4 in Fighting
  2412 | D:3      | Reached XP level 5. HP: 39/42 MP: 5/5
  2877 | D:4      | Reached skill level 1 in Evocations
  3072 | D:4      | Noticed a phantom
  3086 | D:4      | Killed a phantom
  3087 | D:4      | Reached skill level 5 in Fighting
  3087 | D:4      | Reached XP level 6. HP: 43/51 MP: 6/6
  3141 | D:4      | Noticed a water moccasin
  3164 | D:4      | Killed a water moccasin
  3534 | D:4      | Found an opulent altar of Gozag.
  3847 | D:5      | Entered Level 5 of the Dungeon
  4007 | D:5      | Reached skill level 6 in Fighting
  4081 | D:5      | Identified the amulet of Seddausky {Acrobat rPois}
  4130 | D:5      | Gained mutation: Your demonic aura sometimes causes spilled
                  | blood to erupt in flames. [demonic ancestry]
  4130 | D:5      | Reached XP level 7. HP: 40/58 MP: 7/7
  4429 | D:5      | Slain by an ice beast

Illustrated notes

Levels and vault maps discovered:
D:1:      amcnicky_arrival_choice, layout_basic, nicolae_ecumenical_lake_church,
          serial_aquarium, aquarium_bridge_island_small
          [aquarium_subvault_small_water, aquarium_subvault_bridge,
          aquarium_subvault_wall, aquarium_subvault_wall,
          aquarium_subvault_window], aquarium_window_fake, aquarium_window_1,
          aquarium_window_corner, aquarium_view_2e, aquarium_view_2a,
          aquarium_pool_split, minmay_rat_gold_closets
D:2:      layout_basic, serial_shops, nicolae_shop_back_alley_shop
D:3:      layout_rooms
D:4:      layout_cave_pods, mainiacjoe_overflow_catwalk, minivault_25
D:5:      layout_basic, grunt_temple_overflow_open

Skill      XL: |  1  2  3  4  5  6 |
---------------+-------------------+-----
Throwing       | 2 |  2.0
Stealth        | 1 |  1.0
Dodging        | 3 4 |  4.0
Armour         | 1 |  1.8
Fighting       | 3 4 5 6 |  6.3
Evocations     | 1 |  1.0
Short Blades   | |  2.6

Action                     |  1- 3 |  4- 6 |  7- 9 || total
---------------------------+-------+-------+-------++-------
  Melee: Rapier            |    98 |   238 |    29 ||   365
         Kick              |    15 |    68 |    12 ||    95
         Punch             |     1 |       |       ||     1
  Throw: Dart              |     5 |     2 |     6 ||    13
         Stone             |       |     5 |       ||     5
    Use: Potion            |       |     1 |       ||     1
   Stab: Sleeping          |     2 |     1 |       ||     3
 Armour: Leather armour    |     6 |       |       ||     6
         Scale mail        |    29 |     8 |       ||    37
         Ring mail         |       |    76 |       ||    76
         Chain mail        |       |     6 |    18 ||    24
  Dodge: Dodged            |    52 |   129 |     6 ||   187

Table legend: (Time is in decaauts)
 A = Elapsed time spent in this place.
 B = Non-inter-level travel time spent in this place.
 C = Inter-level travel time spent in this place.
 D = Time resting spent in this place.
 E = Time spent auto-exploring this place.
 F = Levels seen in this place.
 G = Mean time per level.
                   A        B        C        D        E       F      G
               +--------+--------+--------+--------+--------+-----+--------+
         Total |   4455 |   4085 |    370 |    783 |   2127 |   5 |  891.0 |
       Dungeon |   4455 |   4085 |    370 |    783 |   2127 |   5 |  891.0 |
               +--------+--------+--------+--------+--------+-----+--------+

Top non-repeatable levels by time:
     D:4: 1218 daAuts
     D:1: 1162 daAuts
     D:2: 1013 daAuts
     D:3: 552 daAuts
     D:5: 507 daAuts
